 Dungeon Crawl Stone Soup version 0.24.0-13-gcf9b319 (webtiles) character file.

Game seed: 12804835369189516140, levelgen mode: deterministic

193 Birdy the Ducker (level 5, -1/42 HPs)
             Began as a Demigod Wizard on Dec 10, 2019.
             Slain by an orc wizard
             ... wielding a +3 dagger of electrocution
              (16 damage)
             ... on level 3 of the Dungeon.
             The game lasted 00:09:21 (3878 turns).

Birdy the Ducker (Demigod Wizard)                   Turns: 3878, Time: 00:09:22

Health: -1/42      AC:  2    Str:  9 (10) XL:     5   Next: 19%
Magic:  1/11       EV: 17    Int: 22 (24) God:
Gold:   106        SH:  0    Dex: 11 (14) Spells: 8/9 levels left

rFire    + . .     SeeInvis .     - Unarmed
rCold    . . .     Gourm    .   (no shield)
rNeg     . . .     Faith    .   a - +0 robe
rPois    .         Spirit   .   b - +0 hat
rElec    .         Reflect  .   (no cloak)
rCorr    .         Harm     .   (no gloves)
MR       .....                  (no boots)
Stlth    ++........             (no amulet)
HPRegen  0.14/turn              k - ring of protection from fire
MPRegen  0.12/turn              g - +4 ring of evasion

@: very slightly contaminated, hasted, very quick
A: high mp 1
a: no special abilities


You were on level 3 of the Dungeon.
You were not hungry.

You visited 1 branch of the dungeon, and saw 3 of its levels.

You collected 106 gold pieces.

Inventory:

Armour
 a - a +0 robe (worn)
 b - a +0 hat (worn)
Jewellery
 g - a +4 ring of evasion (right hand)
 j - an uncursed ring of flight
 k - a ring of protection from fire (left hand)
 l - an uncursed ring of ice
Scrolls
 c - 2 scrolls of amnesia
 e - a scroll of teleportation
 i - a scroll of remove curse {unknown}
 m - a scroll of immolation
 n - 3 scrolls of enchant weapon
Potions
 h - a potion of lignification {unknown}
 o - 2 potions of curing
Comestibles
 d - 6 rations


   Skills:
 + Level 2.6 Fighting
 + Level 3.2 Dodging
 - Level 1.7 Stealth
 + Level 2.5 Unarmed Combat
 - Level 2.6 Spellcasting
 - Level 0.8 Conjurations
   Level 0.8 Summonings
   Level 0.8 Translocations


You had 8 spell levels left.
You knew the following spells:

 Your Spells              Type           Power        Failure   Level  Hunger
a - Magic Dart            Conj           #...         9%          1    None

Your spell library contained the following spells:

 Spells                   Type           Power        Failure   Level  Hunger
 Blink                    Tloc           N/A          14%         2    ##.....
 Call Imp                 Summ           #.......     14%         2    ##.....
 Slow                     Hex            #.......     19%         2    ##.....
 Conjure Flame            Conj/Fire      #.......     32%         3    ###....
 Mephitic Cloud           Conj/Pois/Air  #.......     34%         3    ###....


Dungeon Overview and Level Annotations

Branches:
Dungeon (3/15)


Innate Abilities, Weirdness & Mutations

You have an increased reservoir of magic. (+10% MP)


Message History

A bat comes into view.
The orc wizard completely misses you.
There is an open door here.
You hit the orc wizard but do no damage.
The orc wizard is moderately wounded.
The orc wizard misses you.
You barely miss the orc wizard.
The orc wizard is moderately wounded.
The orc wizard hits you with a +3 dagger of electrocution.
You hit the orc wizard.
The orc wizard is moderately wounded.
The orc wizard hits you but does no damage.
You are electrocuted!!
You hit the orc wizard.
The orc wizard is heavily wounded.
The orc wizard closely misses you.
You feel yourself speed up.
The orc wizard hits you with a +3 dagger of electrocution.
You are electrocuted!
You die...

####......# #...#
#...... .......####
##.## #######
.####### #.# .#
####### #.# <#
.......###.### .#
......#.....## ##
#.........###### #
#..............#####
#
#####@....##.......#
#
#.bo#....##.#.###.#
#.g.#.##.##.# #
.....#....##..
#._.###...###...
..... #...# #.##.
...# #...# #[. ..
... ...# #$# .# #.#
#


You could see an orc wizard (mute), a hobgoblin and a bat.

Vanquished Creatures
  A hound (D:2)
  Natasha (twice) (D:2)
  5 adders
  2 worms
  3 dart slugs
  2 leopard geckos
  An orc (D:3)
  5 bats
  6 giant cockroaches
  5 goblins
  6 hobgoblins
  4 quokkas
  A ball python (D:2)
  4 frilled lizards
  5 kobolds
  8 rats
60 creatures vanquished.

Notes
Turn   | Place    | Note
-------+----------+-------------------------------------------
     0 | D:1      | Birdy the Demigod Wizard began the quest for the Orb.
     0 | D:1      | Reached XP level 1. HP: 14/14 MP: 6/6
   395 | D:1      | Reached skill level 2 in Dodging
   423 | D:1      | Reached XP level 2. HP: 22/22 MP: 0/8
   620 | D:1      | Reached skill level 1 in Fighting
   645 | D:1      | Reached skill level 1 in Unarmed Combat
  1209 | D:2      | Reached XP level 3. HP: 28/28 MP: 5/9
  1742 | D:2      | Reached XP level 4. HP: 5/36 MP: 0/10
  2227 | D:2      | Noticed Natasha
  2236 | D:2      | Killed Natasha
  2236 | D:2      | Reached skill level 3 in Dodging
  2962 | D:2      | Noticed Natasha
  2969 | D:2      | Killed Natasha
  3246 | D:3      | Reached XP level 5. HP: 33/42 MP: 6/11
  3400 | D:3      | Found a glowing silver altar of Zin.
  3871 | D:3      | Found a sacrificial altar of Ru.
  3878 | D:3      | Slain by an orc wizard

Levels and vault maps discovered:
D:1:      roderic_crop_circles_arrival_small, layout_basic
D:2:      layout_basic, roderic_lattice_a, uniq_natasha
D:3:      layout_loops_cross, zin_scriptorium,
          nicolae_ru_great_annihilating_truth, first_ration

Skill      XL: |  1  2  3  4 |
---------------+-------------+-----
Dodging        | 2 3 |  3.2
Fighting       | 1 2 |  2.6
Unarmed Combat | 1 2 |  2.5
Stealth        | |  1.7
Spellcasting   | |  2.6
Conjurations   | |  0.8
Summonings     | |  0.8
Translocations | |  0.8

Action                   |  1- 3 |  4- 6 || total
-------------------------+-------+-------++-------
Melee: Unarmed           |    59 |    52 ||   111
       Punch             |       |     2 ||     2
 Cast: Magic Dart        |    83 |   105 ||   188
  Use: Potion            |       |     7 ||     7
       Scroll            |       |     5 ||     5
 Stab: Sleeping          |       |     1 ||     1
  Eat: Chunk             |     2 |     7 ||     9
Armor: Robe              |    16 |     6 ||    22
Dodge: Dodged            |    60 |    44 ||   104
